 Dungeon Crawl Stone Soup version 0.27.1-34-g3ba077fa99 (webtiles) character file.

Game seed: 430735429274648086

18 alasdair19 the Skirmisher (level 2, -3/27 HPs)
             Began as a Minotaur Fighter on Feb 6, 2022.
             Succumbed to a kobold's poison
             ... on level 1 of the Dungeon.
             The game lasted 00:00:34 (315 turns).

alasdair19 the Skirmisher (Minotaur Fighter)         Turns: 315, Time: 00:00:34

Health: -3/27      AC:  7    Str: 20    XL:     2   Next: 51%
Magic:  1/1        EV:  7    Int:  5    God:
Gold:   26         SH:  9    Dex:  9    Spells: 1/1 levels left

rFire    . . .     SeeInvis .   a - +0 long sword
rCold    . . .     Faith    .   c - +0 kite shield
rNeg     . . .     Spirit   .   b - +0 scale mail
rPois    .         Reflect  .   (helmet restricted)
rElec    .         Harm     .   (no cloak)
rCorr    .         Rampage  .   (no gloves)
Will     .....                  (no boots)
Stlth    ..........             (no amulet)
HPRegen  0.09/turn              (no ring)
MPRegen  0.07/turn              (no ring)

@: mighty, lethally poisoned (-3 -> -16)
A: horns 2, retaliatory headbutt
a: no special abilities


You were on level 1 of the Dungeon.
You visited 1 branch of the dungeon, and saw 1 of its levels.

You collected 26 gold pieces.

Inventory:

Hand Weapons
 a - a +0 long sword (weapon)
Armour
 b - a +0 scale mail (worn)
 c - a +0 kite shield (worn)
Potions
 e - a potion of invisibility {unknown}


   Skills:
 + Level 4.0 Fighting
 + Level 2.6 Long Blades
 + Level 4.0 Armour
 + Level 4.0 Shields


You had one spell level left.
You didn't know any spells.
Your spell library was empty.

Dungeon Overview and Level Annotations

Branches:
Dungeon (1/15)

Altars:


Innate Abilities, Weirdness & Mutations

You have a pair of horns on your head.
You reflexively headbutt those who attack you in melee.


Message History

You feel very sick.
You feel sick.
You closely miss the frilled lizard.
You feel very sick.
You hit the frilled lizard.
Your headbutt misses the frilled lizard.
The frilled lizard is heavily wounded.
You feel sick. You block the frilled lizard's attack.
The frilled lizard bites you.
* * * LOW HITPOINT WARNING * * *
The frilled lizard bites you.
* * * LOW HITPOINT WARNING * * *
The frilled lizard bites you but does no damage.
You feel very mighty all of a sudden.
You feel sick.
You block the frilled lizard's attack. x2
You closely miss the frilled lizard.
The frilled lizard is heavily wounded.
* * * LOW HITPOINT WARNING * * *
You feel sick.
The frilled lizard bites you but does no damage.
You block the frilled lizard's attack.
You slash the frilled lizard!
You kill the frilled lizard!
You feel sick.
The frilled lizard bites you but does no damage.
You block the frilled lizard's attack.
Your Armour skill increases to level 4!
You barely miss the frilled lizard.
You feel sick.
You are no longer poisoned.
You block the frilled lizard's attack.
You slash the frilled lizard!
You kill the frilled lizard!
The kobold throws a stone.
The stone hits you but does no damage.
You closely miss the kobold.
The kobold hits you with a +1 dagger of venom.
* * * LOW HITPOINT WARNING * * *
You are lethally poisoned!
You hit the kobold.
You kill the kobold!
You die...

#......# ###.##.#
.##. #.#### ## .##
#....# #. #.# ####.#
#. ..# #.# #.## ##..#
#.# #.##.###.#.##.#
#.# #...@)........#
###.#
#######.##.######...#
##.##.. ##.#.#)
##.#####.##### #.##
##.##.#.
#..###..###.#
##..#..######
#..#..#.....
##...#######


There were no monsters in sight!

Vanquished Creatures
  A gnoll (D:1)
  2 hobgoblins (D:1)
  3 kobolds (D:1)
  2 bats (D:1)
  3 frilled lizards (D:1)
  A rat (D:1)
12 creatures vanquished.

Vanquished Creatures (others)
  8 plants (D:1)
8 creatures vanquished.

Grand Total: 20 creatures vanquished

Notes
Turn   | Place    | Note
-------+----------+-------------------------------------------
     0 | D:1      | alasdair19 the Minotaur Fighter began the quest for the
                  | Orb.
     0 | D:1      | Reached XP level 1. HP: 19/19 MP: 0/0
    25 | D:1      | Reached XP level 2. HP: 25/27 MP: 1/1
   314 | D:1      | HP: 1/27 [kobold (2)]
   315 | D:1      | Succumbed to a kobold's poison

Illustrated notes

Levels and vault maps discovered:
D:1:      dpeg_arrival_simpleton_a, layout_loops_ring, minmay_lizard_king

Skill      XL: |  1  2 |
---------------+-------+-----
Fighting       | 4 |  4.0
Shields        | 4 |  4.0
Armour         | 4 |  4.0
Long Blades    | |  2.6

Action                   || total
-------------------------++-------
Melee: Long sword        ||    27
       Headbutt          ||     1
  Use: Potion            ||     1
Armor: Scale mail        ||    20
Dodge: Dodged            ||     4
Block: Kite shield       ||    17
       Rpst.: Long sword ||     2
